 Dungeon Crawl Stone Soup version 0.27-a0-1149-g4505690ab0 (webtiles) character file.

Game seed: 8450328634919438904

6 skittles the Skirmisher (level 1, 0/18 HPs)
             Began as a Demonspawn Abyssal Knight on May 13, 2021.
             Was an Initiate of Lugonu.
             Slain by a kobold
             ... wielding a +0 short sword
              (3 damage)
             ... on level 1 of the Dungeon.
             The game lasted 00:01:08 (178 turns).

skittles the Skirmisher (Demonspawn Abyssal Knight)  Turns: 178, Time: 00:01:09

Health: 0/18       AC:  3    Str: 12    XL:     1   Next: 75%
Magic:  2/2        EV: 11    Int: 13    God:    Lugonu [......]
Gold:   0          SH:  0    Dex: 12    Spells: 0/0 levels left

rFire    . . .     SeeInvis .   a - +1 falchion
rCold    . . .     Faith    .   (no shield)
rNeg     . . .     Spirit   .   b - +0 leather armour
rPois    .         Reflect  .   (no helmet)
rElec    .         Harm     .   (no cloak)
rCorr    .         Rampage  .   (no gloves)
Will     .....                  (no boots)
Stlth    +.........             (no amulet)
HPRegen  0.06/turn              (no ring)
MPRegen  0.08/turn              (no ring)

@: no status effects
A: no striking features
a: Renounce Religion


You were on level 1 of the Dungeon.
You worshipped Lugonu.
Lugonu was noncommittal.
You visited 1 branch of the dungeon, and saw 1 of its levels.
You visited the Abyss 1 time.

Inventory:

Hand Weapons
 a - a +1 falchion (weapon)
Armour
 b - a +0 leather armour (worn)


   Skills:
 + Level 3.0 Fighting
 * Level 2.0 Long Blades
 - Level 1.9 Armour
 - Level 0.8 Dodging
 * Level 2.7 Invocations


You couldn't memorise any spells.
You didn't know any spells.
Your spell library was empty.

Dungeon Overview and Level Annotations

Branches:
Dungeon (1/15)

Altars:


Message History

The bat hits you. The bat closely misses you.
The ball python closely misses you. The ball python grabs you.
The ball python constricts you. The hobgoblin barely misses you.
You escape the ball python's grasp.
The bat hits you but does no damage.
You hit the bat.
The bat is heavily wounded.
The bat closely misses you.
You riposte.
You hit the bat.
You kill the bat!
Lugonu accepts your kill. The hobgoblin hits you.
The ball python closely misses you. The ball python barely misses you.
You aren't carrying any potions.
You hit the ball python.
You kill the ball python!
Lugonu accepts your kill. The hobgoblin closely misses you.
You hit the hobgoblin.
The hobgoblin is heavily wounded.
The hobgoblin closely misses you.
You riposte.
You hit the hobgoblin.
You kill the hobgoblin!
Lugonu accepts your kill.
Your Long Blades skill increases to level 2!
The kobold barely misses you. The hobgoblin closely misses you.
You see here a hobgoblin corpse.
Unknown command.
You closely miss the kobold. The kobold barely misses you.
You closely miss the kobold.
The kobold hits you with a +0 short sword.
The kobold hits you but does no damage.
You hit the kobold but do no damage. The kobold closely misses you.
You riposte.
You hit the kobold but do no damage. You miss the kobold.
The kobold hits you with a +0 short sword.
You closely miss the kobold.
The kobold hits you with a +0 short sword.
* * * LOW HITPOINT WARNING * * *
You barely miss the kobold. The kobold misses you.
You barely miss the kobold. The kobold hits you but does no damage.
The kobold hits you with a +0 short sword.
You die...

( .# (.. ... ########
...........#####
..#...........
##†.##...$.######.#
..#.#.#......ggK@...#
...)..........r###..#
....#.#.......## .#
......$......#####..#
....................
....##..##>#<#..##..
........###.##.....
?...##.## ### .##..
... ### ## .


You could see a hobgoblin, a goblin, a kobold and a rat.

Vanquished Creatures
  3 ball pythons (D:1)
  A bat (D:1)
  A hobgoblin (D:1)
  A rat (D:1)
6 creatures vanquished.

Notes
Turn   | Place    | Note
-------+----------+-------------------------------------------
     0 | Abyss:1  | skittles the Demonspawn Abyssal Knight began the quest for
                  | the Orb.
     0 | Abyss:1  | Reached XP level 1. HP: 18/18 MP: 2/2
   124 | Abyss:1  | Noticed a golden dragon skeleton
   127 | D:1      | Escaped the Abyss
   178 | D:1      | Slain by a kobold

Illustrated notes

Levels and vault maps discovered:
D:1:      onia_arrival_handbag, layout_loops_ring, serial_shops, shop,
          minmay_tetromino_i2

Skill      XL: |  1 |
---------------+----+-----
Long Blades    | 2 |  2.0
Fighting       | |  3.0
Armour         | |  1.9
Dodging        | |  0.8
Invocations    | |  2.7

Action                   || total
-------------------------++-------
Melee: Falchion          ||    16
Invok: Depart the Abyss  ||     1
Armor: Leather armour    ||     7
Dodge: Dodged            ||    26
       Rpst.: Falchion   ||     8

Table legend: (Time is in decaauts)
 A = Elapsed time spent in this place.
 B = Non-inter-level travel time spent in this place.
 C = Inter-level travel time spent in this place.
 D = Time resting spent in this place.
 E = Time spent auto-exploring this place.
 F = Levels seen in this place.
 G = Mean time per level.
                   A        B        C        D        E       F      G
               +--------+--------+--------+--------+--------+-----+--------+
         Total |    180 |    180 |      0 |      7 |    121 |   2 |   90.0 |
       Dungeon |     53 |     53 |      0 |      7 |      0 |   1 |   53.0 |
         Abyss |    127 |    127 |      0 |      0 |    121 |   1 |  127.0 |
               +--------+--------+--------+--------+--------+-----+--------+

Top non-repeatable levels by time:
 Abyss:1: 127 daAuts
     D:1: 53 daAuts
